 Dungeon Crawl Stone Soup version 0.21-b1-21-g86478ac (webtiles) character file.

2373 pstr the Thaumaturge (level 9, -3/40 HPs)
             Began as a Spriggan Earth Elementalist on Jan 4, 2018.
             Was an Initiate of Gozag.
             Slain by an orc knight
             ... wielding a +0 halberd
              (28 damage)
             ... in a bailey.
             The game lasted 00:22:39 (8689 turns).

pstr the Thaumaturge (Spriggan Earth Elementalist)  Turns: 8689, Time: 00:22:40

Health: -3/40      AC:  4    Str:  4    XL:     9   Next: 21%
Magic:  6/32       EV: 20    Int: 19    God:    Gozag
Gold:   834        SH:  0    Dex: 17    Spells: 23/27 levels left

rFire    . . .     SeeInvis +   l - +3 short sword (elec)
rCold    . . .     Gourm    .   (shield restricted)
rNeg     . . .     Faith    .   c - +1 robe
rPois    .         Spirit   .   (helmet restricted)
rElec    .         Reflect  .   C - +0 cloak
rCorr    .         Harm     .   (gloves unavailable)
MR       +....                  (boots unavailable)
Stlth    +++.......             x - amulet of regeneration
HPRegen  0.53/turn              h - ring of magical power
MPRegen  0.23/turn              A - ring of wizardry

@: studying Fighting, very quick
A: very small, unfitting armour, see invisible, herbivore, speed 3, slow
metabolism 2
a: Potion Petition, Call Merchant, Bribe Branch, Renounce Religion


You were in a bailey.
You worshipped Gozag.
Gozag was pleased with you.
You were very hungry.

You visited 2 branches of the dungeon, and saw 9 of its levels.
You also visited: Bailey.

You collected 939 gold pieces.
You paid 105 gold pieces to Gozag.

Inventory:

Hand Weapons
 l - a +3 short sword of electrocution (weapon)
 n - a +0 falchion
Missiles
 b - 132 stones (quivered)
 z - 62 arrows
Armour
 c - a +1 robe (worn)
 C - a +0 cloak (worn)
Jewellery
 h - a ring of magical power (left hand)
 o - a cursed ring of loudness {unknown}
 x - an amulet of regeneration (around neck)
 y - a +4 ring of dexterity
 A - a ring of wizardry (right hand)
 B - an uncursed ring of protection from magic
Wands
 m - a wand of random effects (29)
 D - a wand of flame (26)
Scrolls
 a - a scroll of blinking
 g - 2 scrolls of remove curse
 j - 2 scrolls of identify
 k - 2 scrolls of amnesia
 q - 3 scrolls of fear
 u - a scroll of magic mapping
Potions
 f - 2 potions of agility
 i - a potion of flight
 p - a potion of cancellation
 r - a potion of brilliance {unknown}
 t - 2 potions of berserk rage
Books
 e - a book of Geomancy

   Spells                             Type                      Level
   a - Sandblast                      Earth                        1
   b - Passwall                       Transmutation/Earth          2
   c - Stone Arrow                    Conjuration/Earth            3
   d - Petrify                        Transmutation/Earth          4
   e - Lee's Rapid Deconstruction     Earth                        5
 s - a book of Conjurations

   Spells                             Type                      Level
   a - Magic Dart                     Conjuration                  1
   b - Searing Ray                    Conjuration                  2
   c - Dazzling Spray                 Conjuration/Hexes            3
   d - Fulminant Prism                Conjuration/Hexes            4
   e - Force Lance                    Conjuration/Translocation    4
   f - Iskenderun's Mystic Blast      Conjuration                  4
 E - a manual of Fighting
Comestibles
 d - 10 rations


   Skills:
 + Level 0.3 Fighting
 + Level 0.7 Long Blades
 + Level 5.2 Dodging
 + Level 4.7 Stealth
 + Level 9.8 Spellcasting
 + Level 3.2 Conjurations
   Level 1.3 Transmutations
 + Level 7.1 Earth Magic


You had 23 spell levels left.
You knew the following spells:

 Your Spells              Type           Power        Failure   Level  Hunger
a - Sandblast             Erth           #####.       1%          1    None
b - Stone Arrow           Conj/Erth      ####..       1%          3    None


Dungeon Overview and Level Annotations

Branches:
Dungeon (8/15)             Temple (1/1) D:4
   Lair: D:8-11

Altars:
Ashenzari
Cheibriados
Dithmenos
Elyvilon
Fedhas
Gozag
Hepliaklqana
Kikubaaqudgha
Makhleb
Nemelex Xobeh
Okawaru
Qazlal
Ru
Sif Muna
Trog
Uskayaw
Vehumet
Wu Jian
Xom
Yredelemnul
Zin
The Shining One


Innate Abilities, Weirdness & Mutations

You are very small and have problems with some larger weapons.
You are too small for most types of armour.
You have supernaturally acute eyesight. (SInv)
You are a herbivore.
You cover ground extremely quickly.
You need consume almost no food.


Message History

Press: ? - help, Shift-Dir - straight line, f/p - orc knight
Aim: an orc knight, wielding a halberd and wearing a scale mail (heavily wounded)
The stone arrow hits the orc knight.
The orc knight is severely wounded.
The orc knight hits you from afar with a halberd!!
Ouch! That really hurt!
* * * LOW HITPOINT WARNING * * *
Casting: Stone Arrow
Confirm with . or Enter, or press ? or * to list all spells.
Aiming: Stone Arrow
Press: ? - help, Shift-Dir - straight line, f/p - orc knight
Aim: an orc knight, wielding a halberd and wearing a scale mail (severely wounded)
Okay, then.
Unknown command.
You feel better.
You feel better.
The orc knight hits you from afar with a halberd!!
Ouch! That really hurt!
You die...
Your body crumbles into a pile of gold.

≈≈≈..((.##....##.)..≈≈≈≈≈.......#
....(...##...o.##...............#
...)....##'''#..##..............#
....##..##∩.∩##..#..............#
....##.####o####.##)............#
....##(')#oo.#)oo##...).........#
....##.###.8.###o##.............#
....##)')#:o?#)'.##.............#
....##.#########@##.............#
.....#..##)#)##..#..............#
.....##..#'#'#..##..............#
......##.......##...............#
≈≈≈....#########....≈≈≈≈≈.......#
.#≈≈......###......≈≈#.#≈≈......#
.∩#≈........)......≈#∩.##≈......#
^..≈...............≈..^..≈......#
$##≈...............≈##.##≈......#


You could see an orc knight and 2 orc warriors.

Vanquished Creatures
  A black bear (D:6)
  8 orc warriors (Bailey)
  2 ogres
  An ice beast (D:5)
  2 phantoms (D:6)
  2 centaurs
  A bullfrog (D:6)
  3 scorpions
  A howler monkey (D:4)
  2 crimson imps
  2 bullfrog zombies
  3 hounds
  A jelly (D:5)
  2 orc wizards
  A bullfrog skeleton (D:5)
  5 worker ants
  A killer bee zombie (D:5)
  A howler monkey skeleton (D:3)
  4 adders
  A shadow imp (D:8)
  3 oozes
  2 adder skeletons (D:4)
  A worm (D:2)
  5 dart slugs
  5 leopard geckos
  27 orcs
  9 giant cockroaches
  12 goblins
  3 hobgoblins
  4 jackals (D:1)
  A quokka (D:2)
  7 bats
  4 frilled lizards
  2 kobolds (D:1)
  A leopard gecko skeleton (D:5)
  6 rats
136 creatures vanquished.

Notes
Turn   | Place    | Note
-------+----------+-------------------------------------------
     0 | D:1      | pstr the Spriggan Earth Elementalist began the quest for the Orb.
     0 | D:1      | Reached XP level 1. HP: 9/9 MP: 5/5
   265 | D:1      | Reached XP level 2. HP: 13/13 MP: 3/6
   379 | D:1      | Reached skill level 3 in Spellcasting
   975 | D:2      | Reached XP level 3. HP: 16/16 MP: 4/8
   980 | D:2      | Learned a level 3 spell: Stone Arrow
  1780 | D:2      | Found a glowing golden altar of the Shining One.
  1824 | D:2      | Reached XP level 4. HP: 21/21 MP: 3/10
  2031 | D:2      | Found a hide-covered altar of Uskayaw.
  2033 | D:2      | Found a stormy altar of Qazlal.
  2576 | D:3      | Reached skill level 4 in Spellcasting
  2704 | D:2      | Became a worshipper of the Shining One
  2802 | D:3      | Found a shimmering altar of Xom.
  2803 | D:3      | Found a basalt altar of Yredelemnul.
  3550 | D:4      | Found a staircase to the Ecumenical Temple.
  3567 | Temple   | Entered the Ecumenical Temple
  3601 | Temple   | Fell from the grace of the Shining One
  3601 | Temple   | Became a worshipper of Gozag Ym Sagoz the Greedy
  3841 | D:4      | Reached XP level 5. HP: 24/24 MP: 5/13
  3931 | D:4      | Reached skill level 5 in Spellcasting
  3931 | D:4      | Reached skill level 1 in Conjurations
  4165 | D:4      | Noticed a centaur
  4173 | D:4      | Killed a centaur
  4173 | D:4      | Reached XP level 6. HP: 20/28 MP: 6/14
  5092 | D:4      | Reached skill level 6 in Spellcasting
  5092 | D:4      | Reached XP level 7. HP: 32/32 MP: 16/17
  5378 | D:5      | Entered Level 5 of the Dungeon
  5395 | D:5      | Reached skill level 5 in Earth Magic
  6090 | D:5      | Reached skill level 7 in Spellcasting
  6388 | D:5      | Found a deep blue altar of Sif Muna.
  6426 | D:5      | Reached XP level 8. HP: 36/36 MP: 19/20
  6583 | D:6      | Reached skill level 5 in Dodging
  6637 | D:6      | Found a snail-covered altar of Cheibriados.
  6661 | D:6      | Reached skill level 8 in Spellcasting
  7491 | D:8      | Found a flagged portal.
  7564 | Bailey   | Entered a bailey
  7966 | Bailey   | Reached skill level 9 in Spellcasting
  8119 | Bailey   | Reached XP level 9. HP: 32/39 MP: 0/23
  8564 | Bailey   | Noticed an orc knight
  8689 | Bailey   | Slain by an orc knight

Skill      XL: |  1  2  3  4  5  6  7  8  9 |
---------------+----------------------------+-----
Earth Magic    | 3 4 5 6 7 |  7.1
Spellcasting   | 3 4 5 6 7 9 |  9.8
Conjurations   | 1 2 3 |  3.2
Dodging        | 4 5 |  5.2
Stealth        | 4 |  4.7
Fighting       | |  0.3
Long Blades    | |  0.7
Transmutations | |  1.3

Action                   |  1- 3 |  4- 6 |  7- 9 || total
-------------------------+-------+-------+-------++-------
Melee: Unarmed           |     3 |       |       ||     3
       Falchion          |       |     7 |       ||     7
       Short sword       |       |       |     6 ||     6
 Cast: Sandblast         |    34 |    30 |    18 ||    82
       Stone Arrow       |    14 |    46 |   136 ||   196
  Use: Potion            |       |     8 |     2 ||    10
       Scroll            |       |     9 |     3 ||    12
  Eat: Ration            |       |     3 |     2 ||     5
Armor: Robe              |     1 |       |     6 ||     7
Dodge: Dodged            |    18 |    38 |    67 ||   123
       Rpst.: Falchion   |       |    17 |       ||    17
